 Dungeon Crawl Stone Soup version 0.30.1-9-gdf580d7c3d (webtiles) character file.

Game seed: 94842182996171411

1664 safid the Chiller (level 9, -3/103 HPs)
             Began as a Merfolk Ice Elementalist on Oct 3, 2023.
             Succumbed to a killer bee's poison
             ... on level 7 of the Dungeon.
             The game lasted 00:12:01 (5899 turns).

safid the Chiller (Merfolk Ice Elementalist)        Turns: 5899, Time: 00:12:02

Health: -3/103     AC: 24    Str:  9    XL:     9   Next: 1%
Magic:  3/17       EV:  2    Int: 24    God:
Gold:   138        SH:  0    Dex: 20    Spells: 9/19 levels left

rFire   . . .        x - +7 long sword of the Salmon {protect, Contam Dex+6}
rCold   . . .        (no shield)
rNeg    . . .        a - melded +0 robe
rPois   +            (helmet currently unavailable)
rElec   .            y - melded +0 cloak
rCorr   .            m - melded +0 pair of gloves
SInv    .            r - melded +0 pair of boots
Will    +....        (no amulet)
Stlth   ++           n - ring of willpower
HPRegen 0.37/turn    u - +6 ring of intelligence
MPRegen 0.15/turn

%: no passive effects
@: brilliant, lethally poisoned (-3 -> -26), tree-form, hasted, very quick
A: stationary, stasis, torment immunity, boosted hp, (nimble swimmer 2),
(mertail)
a: no special abilities


You were on level 7 of the Dungeon.
You were a tree.
You visited 2 branches of the dungeon, and saw 8 of its levels.

You collected 242 gold pieces.
You spent 104 gold pieces at shops.

Inventory:

Hand Weapons
 x - the +7 long sword of the Salmon (weapon) {protect, Contam Dex+6}
   (You found it on level 3 of the Dungeon)

   Dex:       It affects your dexterity (+6).
   Contam:    It causes magical contamination when unequipped.
Missiles
 E - 2 throwing nets
Armour
 a - a +0 robe (melded)
 m - a +0 pair of gloves (melded)
 r - a +0 pair of boots (melded)
 y - a +0 cloak (melded)
Magical Staves
 s - the staff of earth "Geititz" {+Blink Will+++ rCorr Str-3}
   (You found it on level 3 of the Dungeon)

   [staff of earth]

   Base accuracy: +5 Base damage: 5 Base attack delay: 1.2 This weapon's minimum
   attack delay (0.6) is reached at skill level 12.
   Str:       It affects your strength (-3).
   +Blink:    It lets you blink.
   rCorr:     It protects you from acid and corrosion.
   Will:      It greatly increases your willpower.
   It falls into the 'Staves' category.
   It is a one-handed weapon.
Jewellery
 n - a ring of willpower (left branch)
 u - a +6 ring of intelligence (right branch)
 C - a ring of flight
Wands
 z - a wand of roots (12)
Scrolls
 d - 3 scrolls of butterflies
 e - 3 scrolls of magic mapping
 f - a scroll of immolation {unknown}
 g - a scroll of torment {unknown}
 h - a scroll of fear {unknown}
 l - a scroll of noise {unknown}
 o - 4 scrolls of enchant weapon
 p - a scroll of silence {unknown}
 q - 4 scrolls of teleportation
 v - a scroll of fog {unknown}
Potions
 b - a potion of magic
 c - a potion of curing {unknown}
 j - a potion of resistance {unknown}


   Skills:
 + Level 6.1 Fighting
 + Level 1.9 Armour
 - Level 5.6 Dodging
 - Level 2.1 Stealth
 + Level 5.6 Spellcasting
 + Level 7.7 Ice Magic


You had 9 spell levels left.
You knew the following spells:

 Your Spells              Type           Power      Damage    Failure   Level
a - Freeze                Ice            100%       1d10      1%          1
b - Frozen Ramparts       Ice            100%       1d16      1%          3
c - Ozocubu's Armour      Ice            60%        N/A       1%          3
d - Hailstorm             Conj/Ice       37%        3d9       4%          3

Your spell library contained the following spells:

 Spells                   Type           Power      Damage    Failure   Level
 Shock                    Conj/Air       40%        1d5       9%          1
 Slow                     Hex            40%        N/A       9%          1
 Summon Ice Beast         Ice/Summ       37%        N/A       17%         4
 Confusing Touch          Hex            10%        N/A       26%         3
 Dazzling Flash           Conj/Hex       20%        N/A       26%         3
 Swiftness                Air            10%        N/A       26%         3
 Vampiric Draining        Necr           10%        2d6       26%         3
 Airstrike                Air            5%         2d(1-17)  63%         4
 Agony                    Necr           10%        N/A       93%         5
 Silence                  Hex/Air        5%         N/A       93%         5


Dungeon Overview and Level Annotations

Branches:
Dungeon (7/15)             Temple (1/1) D:5

Altars:
Dithmenos
Elyvilon
Fedhas
Gozag
Kikubaaqudgha
Makhleb
Qazlal
Ru
Trog
Uskayaw
Wu Jian
Xom
Zin
The Shining One

Shops:
D:7 *

Annotations:
D:5 2 transporters, laqueoix's ghost, novice DsGl


Innate Abilities, Weirdness & Mutations

You are a tree.
Your roots penetrate the ground, keeping you stationary.
You cannot be teleported.
You are immune to unholy pain and torment.
Your maximum health is greatly increased.
Your equipment is partially melded.
((You are very nimble when in or above water. (Stealth+, EV+, Speed+++)))
((Your lower body shifts to a powerful aquatic tail in water.))


Message History

The killer bee is moderately wounded.
The frozen ramparts melt away.
You feel sick.
You are no longer poisoned.
The killer bee stings you.
You are poisoned.
The killer bee poisons you!
The killer bee stings you but does no damage.
The killer bee closely misses you. The killer bee stings you.
You are more poisoned.
The killer bee poisons you! The killer bee stings you.
You are lethally poisoned!
The killer bee poisons you! The killer bee stings you.
* * * LOW HITPOINT WARNING * * *
You are more poisoned.
The killer bee poisons you! The killer bee closely misses you.
The killer bee completely misses you. The killer bee stings you.
* * * LOW HITPOINT WARNING * * *
Unknown command.
It was a potion of haste.
You feel yourself speed up.
* * * LOW HITPOINT WARNING * * *
You feel extremely sick. The killer bee misses you.
The killer bee stings you but does no damage. x3
The killer bee stings you.
* * * LOW HITPOINT WARNING * * *
The killer bee closely misses you.
It was a potion of lignification.
You turn into a tree.
Your +0 cloak melds into your body.
Your +0 pair of gloves melds into your body.
Your +0 pair of boots melds into your body.
Your +0 robe melds into your body.
Your roots penetrate the ground.
* * * LOW HITPOINT WARNING * * *
You feel very sick. The killer bee stings you.
* * * LOW HITPOINT WARNING * * *
The killer bee barely misses you.
The killer bee stings you but does no damage.
It was a potion of brilliance.
You feel clever all of a sudden.
You die...

..........#*******,,,,,+,,∩,,+,**
..........#,,,,,,*..y.y##*,***,,+
..~.......#,,,,,,*..y....*,*,,,,*
..........#,,,,,,+.......*+*,,,**
....>.....###+####.......,,,,,,**
###..............#.....#*,,,,,,,,
,,#..............#.....#,,,,,,,**
,,#....[.........#.....#,,,,,,,*,
,,#...........#.♣yh....#,,,,,,,+,
,,#..........###yy.....#,,,,,,,*,
,,#.........##*#.......#*,,,,,,*,
,,+..........*,........#*,,,,,,*,
***..........,._.##....#*,,,,,,+,
,,,,,,***,,**#...#*....#*,,,,,,*,
,,,,,,* **,,*##.##*....#,,,,,,,*,
,,,,,,* *,,**#.,,*....#*,,,,,,*,
,,,,,,* *,,,*,,,,,,,,,**,,,,,,*,


You could see a howler monkey and 3 killer bees.

Vanquished Creatures
  Sigmund (D:2)
  Menkaure (D:7)
  An orc warrior (D:6)
  A sky beast (D:7)
  An ogre (D:5)
  2 phantoms
  A gnoll sergeant (D:5)
  3 killer bees (D:7)
  A gnoll bouda (D:6)
  4 orc priests
  2 jellies (D:6)
  A hound (D:5)
  A sleepcap (D:7)
  2 iguanas
  4 orc wizards
  12 gnolls
  8 adders
  3 white imps
  An ufetubus (D:4)
  8 dart slugs
  22 orcs
  5 ball pythons
  7 endoplasms
  3 giant cockroaches
  10 goblins
  10 hobgoblins
  2 jackals (D:3)
  4 quokkas
  10 bats
  2 frilled lizards (D:2)
  A goblin skeleton (D:5)
  2 goblin zombies (D:5)
  2 hobgoblin zombies (D:5)
  11 kobolds
  A kobold skeleton (D:5)
  An orc skeleton (D:5)
  3 orc zombies (D:5)
  4 rats
158 creatures vanquished.

Notes
Turn   | Place    | Note
-------+----------+-------------------------------------------
     0 | D:1      | safid the Merfolk Ice Elementalist began the quest for the
                  | Orb.
     0 | D:1      | Reached XP level 1. HP: 13/13 MP: 3/3
   225 | D:1      | Reached XP level 2. HP: 9/20 MP: 3/5
   305 | D:1      | Reached skill level 1 in Fighting
   551 | D:1      | Reached XP level 3. HP: 26/26 MP: 1/6
  1236 | D:2      | Noticed Sigmund
  1242 | D:2      | Killed Sigmund
  1243 | D:2      | Reached skill level 5 in Ice Magic
  1243 | D:2      | Reached XP level 4. HP: 23/35 MP: 2/9
  1243 | D:2      | Reached XP level 5. HP: 27/41 MP: 2/10
  1256 | D:2      | Learned a level 3 spell: Frozen Ramparts
  1260 | D:2      | Learned a level 3 spell: Ozocubu's Armour
  1352 | D:2      | Learned a level 3 spell: Hailstorm
  1971 | D:3      | Reached XP level 6. HP: 43/47 MP: 11/11
  1991 | D:3      | Identified the staff of earth "Geititz" {+Blink Will+++
                  | rCorr Str-3}
  2712 | D:3      | Identified the +7 long sword of the Salmon {protect, Contam
                  | Dex+6}
  2756 | D:3      | Reached skill level 6 in Ice Magic
  3192 | D:4      | Reached XP level 7. HP: 41/53 MP: 8/13
  3235 | D:4      | Noticed a +0 falchion
  3236 | D:4      | Noticed a +0 spear
  3236 | D:4      | Noticed a +0 spear
  3237 | D:4      | Noticed a +0 dagger
  3238 | D:4      | Noticed a +0 dagger
  3239 | D:4      | Noticed a +0 falchion
  3239 | D:4      | Noticed a +0 short sword
  3239 | D:4      | Noticed a +0 short sword
  3252 | D:4      | Found a hide-covered altar of Uskayaw.
  3767 | D:5      | Entered Level 5 of the Dungeon
  3788 | D:5      | Found a bloodstained altar of Trog.
  4095 | D:5      | Found an ancient bone altar of Kikubaaqudgha.
  4117 | D:5      | Noticed laqueoix's ghost (novice DsGl)
  4118 | D:5      | Found a transporter.
  4120 | D:5      | Found a transporter.
  4139 | D:5      | Found a glowing golden altar of the Shining One.
  4300 | D:5      | Found a staircase to the Ecumenical Temple.
  4308 | Temple   | Entered the Ecumenical Temple
  4403 | D:5      | Reached skill level 5 in Dodging
  4407 | D:5      | Reached XP level 8. HP: 61/61 MP: 7/15
  4686 | D:5      | Reached skill level 5 in Fighting
  4749 | D:6      | Reached skill level 7 in Ice Magic
  4989 | D:6      | Reached skill level 5 in Spellcasting
  5276 | D:6      | Identified the +0 leather armour of the Quahog {Harm
                  | Will+++ rCorr Int-3}
  5728 | D:6      | Reached skill level 1 in Armour
  5816 | D:7      | Found Ukkuecub's General Store.
  5823 | D:7      | Bought a scroll of teleportation for 39 gold pieces
  5823 | D:7      | Bought a scroll of vulnerability for 52 gold pieces
  5823 | D:7      | Bought a potion of degeneration for 13 gold pieces
  5863 | D:7      | Noticed Menkaure
  5872 | D:7      | Killed Menkaure
  5884 | D:7      | Found a bloodstained altar of Trog.
  5896 | D:7      | Reached XP level 9. HP: 37/69 MP: 3/17
  5897 | D:7      | HP: 3/69 [killer bee (6)]
  5898 | D:7      | HP: 1/103 [killer bee (1)]
  5899 | D:7      | Succumbed to a killer bee's poison

Illustrated notes

Levels and vault maps discovered:
D:1:      onia_arrival_pyramid, layout_basic
D:2:      layout_basic, nicolae_titane, uniq_sigmund
D:3:      layout_basic, serial_co_window_serial, co_window_paths_b,
          co_window_corner_a, co_window_paths_b, co_window_corner_a,
          co_window_of_opportunity_a, co_window_corner_b, co_window_broadway_c,
          co_window_unsneaky_path_e, co_window_corner_b, glass_columns_a,
          grunt_ministairs_1
D:4:      layout_rooms, nicolae_uskayaw_en_pointe,
          amcnicky_mini_corridor_feature
D:5:      layout_basic, nicolae_tso_besieged_by_evil,
          minmay_temple_entry_junction, gammafunk_ghost_smash,
          hangedman_feature_mirror
D:6:      layout_loops_corners
D:7:      layout_gridville, mainiacjoe_overflow_cross_hatched,
          trog_three_pillars_becter, cheibriados_altar_1,
          nicolae_ossuary_entry_plus, serial_shops, shop, uniq_menkaure
Temple:   hellmonk_temple_of_storms

Skill      XL: |  1  2  3  4  5  6  7  8 |
---------------+-------------------------+-----
Fighting       | 1 3 4 6 |  6.1
Spellcasting   | 3 4 5 |  5.6
Ice Magic      | 5 6 7 |  7.7
Dodging        | 3 5 |  5.6
Armour         | 1 |  1.9
Stealth        | |  2.1

Action                     |  1- 3 |  4- 6 |  7- 9 || total
---------------------------+-------+-------+-------++-------
  Melee: Dagger            |    63 |       |       ||    63
         Unarmed           |     1 |       |       ||     1
         Halberd           |       |    45 |       ||    45
         War axe           |       |    31 |       ||    31
         Long sword        |       |    13 |   111 ||   124
         Punch             |       |       |     2 ||     2
   Cast: Freeze            |    33 |       |       ||    33
         Frozen Ramparts   |       |     5 |    24 ||    29
         Ozocubu's Armour  |       |     1 |    16 ||    17
    Use: Potion            |     1 |       |     4 ||     5
         Scroll            |       |       |     6 ||     6
   Stab: Sleeping          |     4 |     4 |     4 ||    12
         Distracted        |     1 |     1 |       ||     2
 Armour: Robe              |    44 |    32 |    47 ||   123
         Skin              |       |       |     1 ||     1
  Dodge: Dodged            |    71 |    70 |   119 ||   260
